 Dungeon Crawl Stone Soup version 0.29-a0-1033-gb6c65ffae6 (webtiles) character file.

Game seed: 15650932462859394188

293 polve the Agent of Entropy (level 6, -5/45 (47) HPs)
             Began as a Demonspawn Abyssal Knight on Aug 14, 2022.
             Was a Priest of Lugonu.
             Slain by a wight
             ... wielding a +4 dire flail of freezing
              (9 damage)
             ... in an ossuary.
             The game lasted 00:04:02 (3613 turns).

polve the Agent of Entropy (DsAK)                   Turns: 3613, Time: 00:04:03

HP:   -5/45 (47)    AC:  3    Str: 16    XL:     6   Next: 11%
MP:   11/11         EV: 11    Int: 11    God:    Lugonu [***...]
Gold: 131           SH:  0    Dex: 13    Spells: 5/5 levels left

rFire   . . .      SeeInvis .   a - +1 short sword
rCold   . . .      Faith    .   (no shield)
rNeg    . . .      Spirit   .   b - +0 leather armour
rPois   .          Reflect  .   (no helmet)
rElec   .          Harm     .   (no cloak)
rCorr   .          Rampage  .   (no gloves)
Will    .....                   (no boots)
Stlth   +.........              d - amulet of regeneration
HPRegen 0.95/turn               (no ring)
MPRegen 0.12/turn               (no ring)

@: lightly drained
A: hooves 1, demonic magic 2
a: Renounce Religion, Depart the Abyss, Bend Space, Banish


You were in an ossuary.
You worshipped Lugonu.
Lugonu was most pleased with you.
You visited 1 branch of the dungeon, and saw 4 of its levels.
You visited the Abyss 1 time.
You also visited: Ossuary.

You collected 131 gold pieces.

Inventory:

Hand Weapons
 a - a +1 short sword (weapon)
Armour
 b - a +0 leather armour (worn)
 r - a +0 helmet
Jewellery
 d - an amulet of regeneration (around neck)
 i - an amulet of the acrobat
 m - a ring of ice
Scrolls
 c - a scroll of identify
 f - 2 scrolls of immolation
 h - 2 scrolls of poison {unknown}
 n - a scroll of magic mapping {unknown}
 p - a scroll of torment {unknown}
 q - a scroll of amnesia {unknown}
 s - 2 scrolls of enchant armour {unknown}
 t - a scroll of teleportation {unknown}
 u - a scroll of noise {unknown}
 v - a scroll of enchant weapon {unknown}
Potions
 e - a potion of degeneration {unknown}
 g - a potion of flight {unknown}
 j - 2 potions of curing
 k - a potion of attraction {unknown}
 l - a potion of might {unknown}
 o - a potion of magic {unknown}


   Skills:
 - Level 3.0 Fighting
 - Level 4.0 Short Blades
 - Level 1.7 Armour
 - Level 0.8 Dodging
 + Level 6.6 Invocations


You had 5 spell levels left.
You didn't know any spells.
Your spell library contained the following spells:

 Spells                   Type           Power      Damage    Failure   Level
 Ignite Poison            Fire/Tmut/Pois 0%         N/A       78%         3
 Mephitic Cloud           Conj/Pois/Air  0%         N/A       78%         3
 Freezing Cloud           Conj/Ice/Air   0%         6-21      100%        5


Dungeon Overview and Level Annotations

Branches:
Dungeon (4/15)            Ossuary (1/1)
 Temple: D:4-7

Altars:
Ashenzari
Hepliaklqana
Makhleb
Qazlal
Yredelemnul

Shops:
D:1 ?


Innate Abilities, Weirdness & Mutations

You have large cloven feet.
Spells you cast may paralyse nearby enemies.


Message History

You hit the wight. Your kick misses the wight.
The wight is lightly damaged.
The wight closely misses you.
You closely miss the wight. You kick the wight, but do no damage.
The wight is lightly damaged.
You barely miss the wight.
The wight is lightly damaged.
The wight hits you with a +4 dire flail of freezing!
You feel drained. The wight freezes you.
You are too injured to fight recklessly!
You are too injured to fight recklessly!
You are too injured to fight recklessly!
You are too injured to fight recklessly!
You are too injured to fight recklessly!
You are too injured to fight recklessly!
You are too injured to fight recklessly!
You are too injured to fight recklessly!
You are too injured to fight recklessly!
You are too injured to fight recklessly!
You are too injured to fight recklessly!
You are too injured to fight recklessly!
You are too injured to fight recklessly!
You are too injured to fight recklessly!
You are too injured to fight recklessly!
You are too injured to fight recklessly!
You are too injured to fight recklessly!
You are too injured to fight recklessly!
You are too injured to fight recklessly!
You are too injured to fight recklessly!
You barely miss the wight. You kick the wight, but do no damage.
Your punch misses the wight.
The wight is lightly damaged.
The wight hits you with a +4 dire flail of freezing!
The wight freezes you.
You hit the wight but do no damage. Your kick misses the wight.
The wight is lightly damaged.
The wight hits you with a +4 dire flail of freezing!!
* * * LOW HITPOINT WARNING * * *
The wight freezes you!
You die...

##### ##...##
##.....##
###########....##.#
#.#.#.#.##......#.#
##+#z#'#'#'#......##.#
+....@.....'.......#..
##'#'#'#'#'#..........
#.#.#.#.#.##........#
#############......##
##...### #...## ###..#
##.# ##.##


You could see a wight.

Vanquished Creatures
  A phantom (D:4)
  A hound (D:4)
  An orc priest (D:3)
  An iguana (D:4)
  A mummy (D:4)
  Robin (D:3)
  An adder (D:3)
  2 dart slugs
  A worm (D:2)
  4 orcs
  7 endoplasms
  A giant cockroach (D:1)
  20 goblins
  4 hobgoblins
  2 jackals (D:2)
  5 quokkas
  3 ball pythons
  2 ball python skeletons (Ossuary)
  6 bats
  5 frilled lizards
  8 kobolds
  A kobold zombie (Ossuary)
  An orc skeleton (Ossuary)
  3 orc zombies (Ossuary)
  4 rats
86 creatures vanquished.

Notes
Turn   | Place    | Note
-------+----------+-------------------------------------------
     0 | Abyss:1  | polve the Demonspawn Abyssal Knight began the quest for the
                  | Orb.
     0 | Abyss:1  | Reached XP level 1. HP: 18/18 MP: 2/2
     2 | Abyss:1  | Found a corrupted altar of Lugonu.
     7 | Abyss:2  | Found a corrupted altar of Lugonu.
    41 | Abyss:2  | Noticed a neqoxec
    43 | D:1      | Escaped the Abyss
   239 | D:1      | Found Junoykai's Magic Scroll Emporium.
   495 | D:1      | Gained mutation: Spells you cast may paralyse adjacent
                  | enemies. [demonic ancestry]
   495 | D:1      | Reached XP level 2. HP: 11/24 MP: 3/3
  1121 | D:1      | Found a faded altar of an unknown god.
  1237 | D:2      | Discovered your monstrous ancestry.
  1237 | D:2      | Gained mutation: You have large cloven feet. [demonic
                  | ancestry]
  1237 | D:2      | Reached XP level 3. HP: 29/29 MP: 4/4
  1999 | D:3      | Noticed Robin
  2016 | D:3      | Killed Robin
  2017 | D:3      | Reached *** piety under Lugonu
  2020 | D:3      | Reached XP level 4. HP: 22/35 MP: 5/5
  2329 | D:3      | Reached skill level 3 in Invocations
  2523 | D:3      | Reached skill level 4 in Invocations
  2892 | D:3      | Found a basalt altar of Yredelemnul.
  2901 | D:3      | Found a hazy altar of Hepliaklqana.
  2901 | D:3      | Found a broken altar of Ashenzari.
  2901 | D:3      | Found a stormy altar of Qazlal.
  2907 | D:3      | Found a burning altar of Makhleb.
  3048 | D:4      | Reached XP level 5. HP: 22/41 MP: 8/8
  3126 | D:4      | Noticed a phantom
  3151 | D:4      | Killed a phantom
  3152 | D:4      | Reached skill level 5 in Invocations
  3337 | D:4      | Reached skill level 6 in Invocations
  3414 | D:4      | Gained mutation: Spells you cast may paralyse nearby
                  | enemies. [demonic ancestry]
  3414 | D:4      | Reached XP level 6. HP: 38/47 MP: 10/10
  3493 | D:4      | Found a sand-covered staircase.
  3516 | Ossuary  | Entered an ossuary
  3613 | Ossuary  | Slain by a wight

Illustrated notes

Levels and vault maps discovered:
D:1:      wander_arrival_desolate, layout_basic, serial_shops,
          nicolae_shop_competitors_out_of_business,
          dreamdust_ecumenical_altar_hidden_monk_grotto
D:2:      layout_basic, grunt_decor_cap, minmay_misc_feat_chi,
          minmay_small_reverse_x
D:3:      layout_loops_corners, minmay_overflow_temple_hex, uniq_robin
D:4:      layout_gridville, gup_ossuary_entry_pyramid, st_stairs_13
Ossuary:  ossuary_due_cavern

Skill      XL: |  1  2  3  4  5 |
---------------+----------------+-----
Short Blades   | 2 3 4 |  4.0
Invocations    | 4 6 |  6.6
Fighting       | |  3.0
Armour         | |  1.7
Dodging        | |  0.8

Action                   |  1- 3 |  4- 6 || total
-------------------------+-------+-------++-------
Melee: Short sword       |   148 |   196 ||   344
       Kick              |    19 |    50 ||    69
       Punch             |       |     2 ||     2
Invok: Depart the Abyss  |     1 |       ||     1
  Use: Scroll            |       |     2 ||     2
 Stab: Sleeping          |     1 |       ||     1
Armor: Leather armour    |    28 |    30 ||    58
Dodge: Dodged            |    75 |    88 ||   163

Table legend: (Time is in decaauts)
 A = Elapsed time spent in this place.
 B = Non-inter-level travel time spent in this place.
 C = Inter-level travel time spent in this place.
 D = Time resting spent in this place.
 E = Time spent auto-exploring this place.
 F = Levels seen in this place.
 G = Mean time per level.
                   A        B        C        D        E       F      G
               +--------+--------+--------+--------+--------+-----+--------+
         Total |   3587 |   3481 |    106 |      0 |   2850 |   7 |  512.4 |
       Dungeon |   3445 |   3339 |    106 |      0 |   2750 |   4 |  861.2 |
         Abyss |     46 |     46 |      0 |      0 |     39 |   2 |   23.0 |
       Ossuary |     94 |     94 |      0 |      0 |     61 |   1 |   94.0 |
               +--------+--------+--------+--------+--------+-----+--------+

Top non-repeatable levels by time:
     D:1: 1128 daAuts
     D:3: 1017 daAuts
     D:2: 810 daAuts
     D:4: 489 daAuts
 Ossuary: 94 daAuts
 Abyss:2: 40 daAuts
 Abyss:1: 6 daAuts
